 Dungeon Crawl Stone Soup version 0.31-a0-133-gaae73658be (webtiles) character file.

Game seed: 5946069097457362242

582545 iguanaiguana the Lord of Darkness (level 27, -4/201 (217) HPs)
             Began as a Formicid Hexslinger on Apr 23, 2023.
             Was the Champion of Kikubaaqudgha.
             Slain by Itiarring the pandemonium lord (22 damage)
             ... in Pandemonium on June 2, 2023.
             The game lasted 06:08:06 (45029 turns).

iguanaiguana the Lord of Darkness (FoHs)           Turns: 45029, Time: 06:08:06

HP:   -4/201 (217)  AC: 18    Str: 16    XL:     27
MP:   4/44          EV: 14    Int: 45    God:    Kikubaaqudgha [******]
Gold: 4927          SH: 17    Dex: 14    Spells: 0/61 levels left

rFire   . . .        b - +7 arbalest of Change {heavy, Fly rN+++ Str-2 Int+5}
rCold   + + +        V - +5 kite shield {rC+}
rNeg    + + +        v - +4 troll leather armour
rPois   +            (helmet unavailable)
rElec   .            y - +2 cloak
rCorr   .            u - +2 pair of gloves {hurl}
SInv    +            i - +2 pair of boots of Gravitas {+Blink +Inv Will- Int+3}
Will    ++++.        n - amulet of Temptation {rF+ Will++ Regen+}
Stlth   +++++        k - ring "Gikla" {rPois Will+ Int+5}
HPRegen 2.13/turn    W - ring "Sibledoa" {Fly rF- rC++ Int+8 Slay-6}
MPRegen 0.29/turn

%: no passive effects
@: brilliant, flying, studying 2 skills, drained
A: permanent stasis, dig shafts and tunnels, antennae 3, four strong arms
}: 4/15 runes: serpentine, barnacled, slimy, silver
a: Dig, Renounce Religion, Evoke Invisibility, Unearth Wretches, Torment


You were in Pandemonium.
You worshipped Kikubaaqudgha.
Kikubaaqudgha was exalted by your worship.
You visited 10 branches of the dungeon, and saw 48 of its levels.
You visited Pandemonium 1 time, and saw 6 of its levels.
You visited 1 bazaar.
You visited 1 ziggurat, and saw 10 of its levels.
You also visited: Volcano.

You collected 7807 gold pieces.
You spent 2880 gold pieces at shops.

Inventory:

Hand Weapons
 b - the +7 arbalest of Change (weapon) {heavy, Fly rN+++ Str-2 Int+5}
   (You found it on level 1 of the Snake Pit)

   Str:       It affects your strength (-2).
   Int:       It affects your intelligence (+5).
   rN:        It renders you almost immune to negative energy.
   Fly:       It grants you flight.
 q - a +1 spear of distortion
 P - a +9 triple crossbow of freezing
Missiles
 A - 10 curare-tipped darts
 L - 6 silver javelins
 U - 2 throwing nets
Armour
 i - the +2 pair of boots of Gravitas (worn) {+Blink +Inv Will- Int+3}
   (You bought it in a shop in a bazaar)

   Int:       It affects your intelligence (+3).
   +Inv:      It lets you turn invisible.
   +Blink:    It lets you blink.
   Will:      It decreases your willpower.
 j - a +0 tower shield of poison resistance
 u - a +2 pair of gloves of hurling (worn)
 v - a +4 troll leather armour (worn)
 y - a +2 cloak (worn)
 V - a +5 kite shield of cold resistance (worn)
Magical Staves
 a - the staff of death "Giop" {rC+ rN+}
   (You found it on level 5 of the Lair of Beasts)

   [staff of death]

   Base accuracy: +5 Base damage: 5 Base attack delay: 1.2 This weapon's minimum
   attack delay (0.6) is reached at skill level 12.
   rC:        It protects you from cold.
   rN:        It protects you from negative energy.
   It falls into the 'Staves' category.
   It is a weapon for one hand-pair.
 F - the staff of death "Sonis" {Contam Drain +Blink rF+++ rN+}
   (You found it on level 5 of the Pits of Slime)

   [staff of death]

   Base accuracy: +5 Base damage: 5 Base attack delay: 1.2 This weapon's minimum
   attack delay (0.6) is reached at skill level 12.
   rF:        It renders you almost immune to fire.
   rN:        It protects you from negative energy.
   +Blink:    It lets you blink.
   Contam:    It causes magical contamination when unequipped.
   Drain:     It drains your maximum health when unequipped.
   It falls into the 'Staves' category.
   It is a weapon for one hand-pair.
Jewellery
 k - the ring "Gikla" (left hand) {rPois Will+ Int+5}
   (You bought it in a shop on level 2 of the Shoals)

   [ring of poison resistance]

   Int:       It affects your intelligence (+5).
   rPois:     It protects you from poison.
   Will:      It increases your willpower.
 n - the amulet of Temptation (around neck) {rF+ Will++ Regen+}
   (You bought it in a shop on level 2 of the Orcish Mines)

   [amulet of regeneration]

   rF:        It protects you from fire.
   Regen:     It increases your rate of health regeneration.
   Will:      It greatly increases your willpower.
 o - the ring of Begob {rElec rF+++ Int-5 Dex+6 SInv}
   (You took it off a deep elf sorcerer on level 2 of the Depths)

   [ring of dexterity]

   Int:       It affects your intelligence (-5).
   Dex:       It affects your dexterity (+6).
   rF:        It renders you almost immune to fire.
   rElec:     It insulates you from electricity.
   SInv:      It lets you see invisible.
 w - a ring of wizardry
 D - the ring of Virtue {Will+ Str+5 Int+6 Dex-4 Stlth+}
   (You took it off a rakshasa on level 2 of the Depths)

   [ring of intelligence]

   Str:       It affects your strength (+5).
   Int:       It affects your intelligence (+6).
   Dex:       It affects your dexterity (-4).
   Will:      It increases your willpower.
   Stlth:     It makes you more stealthy.
 R - the ring "Nurraotz" {+Blink Will- rCorr Str+3 Int+3}
   (You found it on level 9 of a ziggurat)

   [ring of resist corrosion]

   Str:       It affects your strength (+3).
   Int:       It affects your intelligence (+3).
   +Blink:    It lets you blink.
   rCorr:     It protects you from acid and corrosion.
   Will:      It decreases your willpower.
 W - the ring "Sibledoa" (right hand) {Fly rF- rC++ Int+8 Slay-6}
   (You acquired it on level 2 of the Orcish Mines)

   [ring of flight]

   Int:       It affects your intelligence (+8).
   Slay:      It affects your accuracy & damage with ranged weapons and melee
   (-6).
   rF:        It makes you vulnerable to fire.
   rC:        It greatly protects you from cold.
   Fly:       It grants you flight.
Wands
 B - a wand of charming (48)
 I - a wand of roots (46)
 N - a wand of light (26)
 S - a wand of digging (24) {@v3}
Scrolls
 e - 2 scrolls of enchant armour
 h - 7 scrolls of immolation
 r - 11 scrolls of fog
 s - 13 scrolls of poison
 E - 5 scrolls of fear (quivered)
 H - 3 scrolls of silence
 M - 3 scrolls of magic mapping {@r5}
 Q - 2 scrolls of vulnerability
 T - a scroll of amnesia
 X - a scroll of brand weapon
 Z - 7 scrolls of butterflies
Potions
 c - 9 potions of attraction
 g - 6 potions of enlightenment
 l - 6 potions of cancellation
 m - a potion of magic
 p - 17 potions of brilliance
 x - a potion of ambrosia
 z - 14 potions of might {@q3}
 C - 7 potions of curing {@q1}
 G - 13 potions of mutation
 J - 10 potions of lignification
 K - 2 potions of invisibility
 O - a potion of resistance {@q5}
Miscellaneous
 d - a sack of spiders
 f - a condenser vane
 Y - a phial of floods


   Skills:
 - Level 18.0 Fighting
 - Level 4.0 Short Blades
 - Level 18.0 Ranged Weapons
 - Level 6.0 Throwing
 - Level 4.0 Armour
 - Level 8.0 Dodging
 - Level 12.0 Stealth
 + Level 12.4 Shields
 - Level 17.5 Spellcasting
 - Level 6.2 Hexes
 - Level 22.0 Necromancy
 - Level 4.1 Translocations
 - Level 12.0 Transmutations
 - Level 17.7 Fire Magic
 - Level 10.0 Ice Magic
 - Level 2.0 Air Magic
 - Level 11.0 Earth Magic
 - Level 9.0 Poison Magic
 - Level 4.0 Evocations


You couldn't memorise any spells.
You knew the following spells:

 Your Spells              Type           Power      Damage    Failure   Level
a - Borgnjor's Vile Clut  Necr/Erth      68%        N/A       1%          5
b - Simulacrum            Ice/Necr       67%        N/A       1%          6
c - Portal Projectile     Hex/Tloc       100%       N/A       1%          3
d - Passage of Golubria   Tloc           86%        N/A       2%          4
e - Death Channel         Necr           75%        N/A       1%          6
f - Infestation           Necr           75%        N/A       1%          8
g - Ignition              Fire           70%        3d18      6%          8
h - Slow                  Hex            100%       N/A       1%          1
i - Sting                 Tmut/Pois      100%       1d8       1%          1
j - Necromutation         Tmut/Necr      68%        N/A       9%          8
k - Apportation           Tloc           100%       N/A       1%          1
l - Animate Dead          Necr           100%       N/A       0%          4
v - Dispel Undead         Necr           100%       3d31      0%          4
z - Sublimation of Blood  Necr           100%       N/A       0%          2

Your spell library contained the following spells:

 Spells                   Type           Power      Damage    Failure   Level
 Kiss of Death            Conj/Necr      100%       2d13      0%          1
 Necrotise                Necr           100%       1d9       0%          1
 Scorch                   Fire           100%       2d9       0%          2
 Vampiric Draining        Necr           100%       2d13      0%          3
 Agony                    Necr           100%       N/A       0%          5
 Freeze                   Ice            100%       1d10      1%          1
 Magic Dart               Conj           100%       1d8       1%          1
 Shock                    Conj/Air       100%       1d9       1%          1
 Summon Small Mammal      Summ           100%       N/A       1%          1
 Cigotuvi's Dreadful Rot  Necr/Pois/Air  100%       N/A       1%          2
 Ensorcelled Hibernation  Hex/Ice        100%       N/A       1%          2
 Lesser Beckoning         Tloc           100%       N/A       1%          2
 Passwall                 Tmut/Erth      100%       N/A       1%          2
 Poisonous Vapours        Pois/Air       100%       N/A       1%          2
 Searing Ray              Conj           100%       2d8       1%          2
 Confusing Touch          Hex            97%        N/A       1%          3
 Dazzling Flash           Conj/Hex       100%       N/A       1%          3
 Frozen Ramparts          Ice            100%       1d16      1%          3
 Hailstorm                Conj/Ice       91%        3d18      1%          3
 Ignite Poison            Fire/Tmut/Pois 100%       N/A       1%          3
 Inner Flame              Hex/Fire       100%       N/A       1%          3
 Ozocubu's Armour         Ice            100%       N/A       1%          3
 Spider Form              Tmut/Pois      100%       N/A       1%          3
 Summon Guardian Golem    Hex/Summ       79%        N/A       1%          3
 Tukima's Dance           Hex            97%        N/A       1%          3
 Volatile Blastmotes      Fire/Tloc      100%       2d18      1%          3
 Anguish                  Hex/Necr       64%        N/A       1%          4
 Cause Fear               Hex            48%        N/A       1%          4
 Flame Wave               Conj/Fire      100%       2d21      1%          4
 Leda's Liquefaction      Hex/Erth       54%        N/A       1%          4
 Olgreb's Toxic Radiance  Pois           100%       N/A       1%          4
 Petrify                  Tmut/Erth      100%       N/A       1%          4
 Sticky Flame             Conj/Fire      100%       2d11      1%          4
 Alistair's Intoxication  Tmut/Pois      77%        N/A       1%          5
 Fireball                 Conj/Fire      54%        3d21      1%          5
 Metabolic Englaciation   Hex/Ice        53%        N/A       1%          5
 Yara's Violent Unravell  Hex/Tmut       55%        3d21      1%          5
 Statue Form              Tmut/Erth      80%        N/A       1%          6
 Borgnjor's Revivificati  Necr           75%        N/A       1%          8
 Eringya's Noxious Bog    Tmut/Pois      58%        N/A       2%          6
 Fulminant Prism          Conj/Hex       39%        3d18      3%          4
 Irradiate                Conj/Tmut      48%        3d27      3%          5
 Call Canine Familiar     Summ           56%        N/A       4%          3
 Starburst                Conj/Fire      54%        6d15      5%          6
 Airstrike                Air            36%        2d(6-22)  6%          4
 Iskenderun's Mystic Bla  Conj/Tloc      72%        2d15      6%          4
 Silence                  Hex/Air        42%        N/A       7%          5
 Freezing Cloud           Conj/Ice/Air   42%        6-21      8%          5
 Summon Mana Viper        Hex/Summ       79%        N/A       11%         5
 Haunt                    Necr/Summ      59%        N/A       13%         7
 Summon Forest            Summ/Tloc      36%        N/A       16%         5
 Death's Door             Necr           75%        N/A       17%         9
 Ozocubu's Refrigeration  Ice            57%        4d20      19%         7
 Leda's Unmaking          Conj/Erth      46%        9d8       22%         6
 Iskenderun's Battlesphe  Conj           56%        2d11      36%         5
 Dispersal                Tloc           43%        N/A       36%         6
 Storm Form               Tmut/Air       50%        N/A       54%         7
 Enfeeble                 Hex            48%        N/A       65%         7
 Conjure Ball Lightning   Conj/Air       32%        3x3d10    80%         6
 Summon Cactus Giant      Summ           28%        N/A       91%         6
 Malign Gateway           Summ/Tloc      36%        N/A       99%         7
 Orb of Destruction       Conj           28%        9d9       100%        7
 Spellforged Servitor     Conj/Summ      28%        N/A       100%        7
 Summon Hydra             Summ           28%        N/A       100%        7
 Discord                  Hex            48%        N/A       100%        8
 Lehudib's Crystal Spear  Conj/Erth      46%        10d11     100%        8
 Maxwell's Capacitive Co  Air            36%        ∞         100%        8
 Chain Lightning          Conj/Air       32%        3d42      100%        9
 Fire Storm               Conj/Fire      54%        8d14      100%        9
 Shatter                  Erth           59%        3d44*     100%        9
 Blink                    Tloc           Unusable   N/A       N/A         2
 Swiftness                Air            Unusable   N/A       N/A         3

Dungeon Overview and Level Annotations

Branches:
Dungeon (15/15) Zot: 25180  Temple (1/1) D:4 Zot: 5913    Lair (5/5) D:10 Zot: 23501
 Shoals (4/4) Lair:2 Zot: 19950   Snake (4/4) Lair:2 Zot: 18211   Slime (5/5) Lair:5 Zot: 26338
    Orc (2/2) D:11 Zot: 10168     Elf (0/3) Orc:2        Vaults (4/5) D:14 Zot: 24999
  Crypt (3/3) Vaults:3 Zot: 16948    Tomb (0/3) Crypt:3      Depths (4/4) D:15 Zot: 19547
    Zot (0/5) Depths:4    Volcano (visited)

Altars:
Ashenzari
Cheibriados
Dithmenos
Elyvilon
Fedhas
Gozag
Hepliaklqana
Kikubaaqudgha
Makhleb
Nemelex Xobeh
Okawaru
Qazlal
Ru
Sif Muna
Trog
Uskayaw
Vehumet
Wu Jian
Xom
Yredelemnul
Zin
The Shining One
Jiyva

Shops:
D:7 (=*?[   D:15 *   Orc:1 (   Orc:2 ((=*[*   Shoals:2 =   Vaults:2 (
Depths:1 *:

Portals:
Hell: Depths:1 Depths:2 Depths:3 Depths:4
Abyss: Depths:3 Depths:4
Pandemonium: Depths:2

Annotations:
Lair:4 Rupert
Snake:1 exclusion: downstairs
Pan exclusion: ghost moth


Innate Abilities, Weirdness & Mutations

You cannot be hasted, slowed, berserked, paralysed or teleported.
You can dig through walls and to a lower floor.
You have a pair of large antennae on your head. (SInv)
Your four strong arms can wield two-handed weapons with a shield.


Message History

The zombie hands release their grip on Itiarring.
Itiarring stings you.
* * * LOW HITPOINT WARNING * * *
You are more poisoned.
Itiarring sneers, "Embrace thy failure, thou rough-hewn nose-picking snaffler!"
Itiarring stings you!
* * * LOW HITPOINT WARNING * * *
You feel much better.
You feel very sick. Itiarring stings you!
* * * LOW HITPOINT WARNING * * *
You are more poisoned.
You feel much better.
You feel extremely sick. Itiarring stings you!!
* * * LOW HITPOINT WARNING * * *
You feel better.
Itiarring is no longer infested.
Itiarring stings you!!
* * * LOW HITPOINT WARNING * * *
You feel much better. Itiarring stings you!!
* * * LOW HITPOINT WARNING * * *
Itiarring stings you!
* * * LOW HITPOINT WARNING * * *
You are poisoned.
Okay, then.
Okay, then.
Okay, then.
Okay, then.
Read: 6 scrolls of fear
Press: ? - help, Q - select action, (/) - cycle Dir - look around, f - activate Look: Itiarring, armed with a venomous touch (heavily wounded, chance to affect: 6%)
Okay, then.
Okay, then.
As you read the scroll of fear, it crumbles to dust.
You assume a fearsome visage.
Itiarring resists with almost no effort.
You feel very sick.
You are lethally poisoned!
You feel better. Itiarring stings you!!
You die...
Kikubaaqudgha rasps: "You have failed me!
Welcome... death!"

#........###.
#.......##?###
#.......#(....
#.......#)....
#......###....
#.BB...#†#...
###..2)..###...
##&#.......#)...
#@#{{......#.Z..
####...1...# ...
#...B...# ..
#........#
#..........{
#...........
#.......###..
#.......#y#..


You could see Itiarring.

Vanquished Creatures
  the Royal Jelly (Slime:5)
  A dread lich (Vaults:5)
  Frederick (Vaults:3)
  3 golden dragons
  A bone dragon (Crypt:3)
  2 Brimstone Fiends (Pan)
  2 Ice Fiends (Pan)
  4 doom hounds
  2 tentacled monstrosities (Vaults:5)
  A lich (Vaults:4)
  5 acid blobs
  Asterion (Snake:1)
  2 Executioners (Pan)
  A tentacled starspawn (Zig:8)
  3 titans
  Grunn (Depths:3)
  A sphinx (Depths:2)
  Kirke (Lair:5)
  4 storm dragons
  3 tengu reavers
  An azure jelly (Slime:5)
  A draconian knight (Depths:4)
  2 nagarajas (Snake:4)
  A revenant (Crypt:2)
  4 shadow dragons
  3 demonspawn warmongers (Pan)
  6 frost giants
  A rockslime (Slime:5)
  A draconian scorcher (Depths:4)
  3 iron dragons
  4 deep elf sorcerers
  A balrug (Pan)
  8 vault wardens
  An orc warlord (Vaults:1)
  The ghost of Smithgift the Severer, a journeyman HOFi of Makhleb (Orc:2)
  2 ghouls (Crypt:2)
  2 curse skulls
  2 cacodemons (Pan)
  4 ghost moths (Pan)
  2 demonspawn blood saints (Pan)
  9 ironbound preservers
  2 reapers (Pan)
  2 demonspawn corrupters (Pan)
  4 very ugly things (Depths:1)
  A formless jellyfish (Vaults:3)
  A green draconian (Depths:4)
  3 stone giants
  2 lorocyprocas (Pan)
  A deep elf demonologist (Vaults:5)
  3 vampire knights
  An ironbound thunderhulk (Vaults:3)
  2 red draconians (Depths:4)
  3 demonspawn black suns (Pan)
  2 dire elephants (Vaults:3)
  A deep elf annihilator (Vaults:5)
  A minotaur (shapeshifter) (Vaults:5)
  A purple draconian (Depths:4)
  A blizzard demon (Pan)
  5 fire dragons
  4 green deaths (Pan)
  4 merfolk impalers
  3 ettins
  Josephine (Lair:5)
  8 yaktaur captains
  A deep elf high priest (Vaults:5)
  4 jiangshi (Crypt:3)
  2 merfolk javelineers
  A spriggan zombie (Crypt:1)
  12 vault guards
  The ghost of themarg the Cleaver, a journeyman DsCA of Ignis (D:11)
  An ice dragon (shapeshifter) (Vaults:3)
  A merfolk aquamancer (Shoals:4)
  2 spriggan air magi (Depths:4)
  2 ice dragons
  3 anacondas
  5 two-headed ogres
  4 centaur warriors
  2 hydras
  A peacekeeper (Vaults:4)
  An ogre mage (D:15)
  2 ironbound frosthearts
  A hell hog (Depths:2)
  3 alligator snapping turtles
  2 boulder beetles
  2 catoblepae
  4 deep troll earth magi
  A death knight (D:14)
  A demonic crawler (Pan)
  6 death yaks
  4 deep troll shamans
  2 spriggan berserkers
  A shock serpent (Snake:3)
  5 orc high priests
  7 tengu warriors
  3 naga warriors
  4 hell knights (Depths:2)
  5 naga sharpshooters
  A titan zombie (Crypt:2)
  2 sun demons
  7 soul eaters (Pan)
  3 iron trolls
  A shadow wraith (Crypt:1)
  A wretched star (Zig:8)
  6 skeletal warriors
  3 sea snakes
  2 salamander mystics
  2 sixfirhies (Pan)
  2 large abominations (Depths:4)
  A shadow demon (Pan)
  24 deep trolls
  2 flayed ghosts
  3 glowing orange brains
  4 naga ritualists
  An obsidian statue (Vaults:4)
  3 phantasmal warriors
  4 ironbound convokers
  3 deep elf pyromancers
  A deep elf zephyrmancer (D:14)
  4 necromancers
  4 wizards
  A harpy (Shoals:4)
  4 orc knights
  8 lindwurms
  3 orc sorcerers
  10 mana vipers
  3 fauns
  9 manticores
  15 ugly things
  4 cyclopes
  21 salamanders
  8 elephants (Lair:5)
  9 naga magi
  16 black mambas
  A water nymph (Shoals:2)
  Maurice (D:9)
  5 vault sentinels
  3 merfolk sirens
  An eye of devastation (Slime:4)
  An apocalypse crab (Zig:2)
  A torpor snail (Lair:5)
  A rust devil (Depths:2)
  An orange demon (Depths:2)
  7 cane toads
  2 smoke demons (Pan)
  2 gargoyles
  A hellion (Depths:2)
  2 rime drakes
  A shock serpent skeleton (Crypt:2)
  5 komodo dragons
  2 centaur skeletons (D:15)
  2 kobold demonologists
  3 unseen horrors
  2 freezing wraiths (D:14)
  An ancient zyme (Zig:8)
  2 ice devils (Depths:2)
  A polar bear (Lair:5)
  18 yaktaurs
  5 merfolk
  3 trolls
  3 wind drakes
  2 snapping turtles
  A raiju (Zig:2)
  A dream sheep (Shoals:3)
  A jumping spider (shapeshifter) (Vaults:5)
  12 blink frogs
  10 flying skulls
  18 slime creatures
  A spriggan skeleton (Depths:1)
  Sigmund (D:2)
  2 wyverns (Lair:2)
  7 wraiths
  54 yaks
  3 ynoxinuls (Pan)
  2 water elementals
  2 centaur simulacra
  4 golden eyes
  3 basilisks
  2 hogs (Lair:5)
  7 vampire mosquitoes
  2 wargs
  2 chaos spawn
  A spriggan simulacrum (Depths:1)
  23 nagas
  8 water moccasins
  2 ice beasts (D:6)
  5 black bears
  29 orc warriors
  3 sky beasts
  8 wolves
  5 ogres
  8 boggarts
  2 centaurs
  3 phantoms
  A kobold brigand (D:6)
  8 bullfrogs
  2 gnoll sergeants
  2 necrophages (Crypt:3)
  6 scorpions
  11 wights (D:8)
  5 killer bees (D:7)
  A polar bear zombie (Crypt:2)
  3 electric eels
  6 howler monkeys
  A basilisk zombie (Crypt:2)
  2 hounds (D:5)
  A jelly (D:6)
  3 gnoll boudas
  28 orc priests
  3 iguanas
  Terence (D:2)
  23 orc wizards
  4 small abominations (Depths:4)
  19 gnolls
  8 adders
  2 shadow imps
  2 white imps
  A worm (D:4)
  3 dart slugs
  70 orcs
  4 endoplasms
  2 giant cockroaches
  11 goblins
  8 hobgoblins
  4 jackals (D:3)
  5 ball pythons
  6 bats
  A frilled lizard (D:3)
  A jackal skeleton (Crypt:1)
  12 kobolds
  7 rats
1034 creatures vanquished.

Vanquished Creatures (collateral kills)
  Dissolution (Slime:4)
  An ancient lich (Vaults:5)
  A dread lich (Vaults:5)
  Mennas (Pan)
  A juggernaut (Zig:3)
  Saint Roka (Crypt:1)
  A golden dragon (Depths:2)
  Nikola (Snake:2)
  A bone dragon (Depths:4)
  A profane servitor (Zig:5)
  2 Brimstone Fiends (Pan)
  2 tentacled monstrosities (Vaults:5)
  A Tzitzimitl (Pan)
  A Hell Sentinel (Zig:8)
  2 liches
  3 titans (Vaults:5)
  2 deep elf master archers (Zig:7)
  2 Executioners (Pan)
  A tentacled starspawn (Zig:4)
  3 ancient champions (Crypt:3)
  7 sphinxes
  20 acid blobs
  A shadow dragon (Vaults:5)
  5 tengu reavers
  A revenant (Crypt:1)
  A storm dragon (Vaults:5)
  3 draconian monks (Zig:10)
  7 nagarajas (Snake:4)
  7 rockslimes
  Donald (Slime:5)
  A demonspawn warmonger (Pan)
  10 azure jellies
  5 frost giants
  5 fire giants
  A caustic shrike zombie (Depths:1)
  13 vault wardens
  An iron dragon (Depths:3)
  A draconian scorcher (Zig:10)
  3 ghouls
  3 balrugs
  2 angels
  2 draconian annihilators (Zig:10)
  4 war gargoyles
  A draconian stormcaller (Depths:4)
  2 orc warlords
  2 demonspawn blood saints (Pan)
  8 stone giants
  2 spriggan defenders
  7 quicksilver oozes
  An ironbound thunderhulk (Vaults:4)
  15 ironbound preservers
  12 very ugly things
  3 formless jellyfish (Slime:4)
  5 vampire knights
  A black draconian (Zig:10)
  2 putrid mouths (Zig:5)
  A dire elephant (Vaults:3)
  3 green draconians
  2 demonspawn black suns (Pan)
  2 white draconians
  An eidolon (Crypt:1)
  5 blizzard demons
  2 yellow draconians (Zig:10)
  5 merfolk impalers
  2 deep elf death magi
  4 ettins
  7 jiangshi
  7 fire dragons
  A green death (Pan)
  5 merfolk javelineers
  2 spriggan zombies
  An entropy weaver (Vaults:4)
  12 yaktaur captains
  24 vault guards
  3 rakshasas (Depths:2)
  A salamander tyrant (Snake:4)
  7 great orbs of eyes
  7 ice dragons
  4 spriggan air magi
  A catoblepas (D:14)
  4 hydras
  4 anacondas
  3 merfolk avatars
  An ogre mage (Vaults:5)
  5 death knights
  8 ironbound frosthearts
  An alligator snapping turtle (Shoals:2)
  4 merfolk aquamancers
  8 centaur warriors
  A satyr (Shoals:3)
  2 boulder beetles
  A death scarab (Depths:1)
  5 deep troll shamans
  14 naga warriors
  6 tengu warriors
  6 deep troll earth magi
  11 death yaks
  A vampire mage (Vaults:3)
  5 shock serpents
  A spriggan berserker (Depths:4)
  A thrashing horror (Zig:4)
  16 naga sharpshooters
  4 hell knights
  3 soul eaters
  A sun demon (Depths:2)
  4 iron trolls
  3 shadow wraiths
  3 wretched stars
  19 skeletal warriors
  A spatial maelstrom (Zig:8)
  2 skysharks
  4 sixfirhies (Pan)
  3 salamander mystics
  A quicksilver dragon simulacrum (Crypt:3)
  10 sea snakes
  An orb spider (shapeshifter) (Depths:3)
  4 glowing orange brains
  2 naga ritualists
  52 deep trolls
  A bog body (Crypt:2)
  12 ironbound convokers
  2 flayed ghosts
  2 spriggan riders (Depths:4)
  4 wizards
  A bunyip skeleton (Crypt:1)
  2 lindwurms
  3 necromancers
  A wolf spider zombie (D:15)
  A deep elf pyromancer (D:14)
  2 phantasmal warriors (Crypt:1)
  5 orc knights
  20 ugly things
  14 harpies
  A spectral ettin (Crypt:3)
  2 mana vipers
  7 fauns
  5 orc sorcerers
  10 manticores
  5 cyclopes
  7 salamanders
  3 shining eyes
  19 black mambas
  A centaur zombie (D:15)
  A rust devil (Pan)
  2 eyes of devastation
  A naga zombie (Crypt:1)
  2 smoke demons
  A guardian serpent (Snake:1)
  10 vault sentinels
  7 water nymphs
  2 merfolk sirens
  14 naga magi
  2 elephants (Lair:5)
  An unseen horror (Depths:4)
  A centaur skeleton (Crypt:1)
  An orange demon (Pan)
  3 cane toads
  A freezing wraith (Crypt:1)
  A tormentor (Zig:8)
  A hellion (Zig:5)
  3 tengu conjurers
  4 komodo dragons
  A yaktaur zombie (Vaults:1)
  A red devil (Pan)
  A yaktaur skeleton (Vaults:1)
  34 yaktaurs
  An ice devil (Depths:2)
  18 merfolk
  3 trolls
  4 hellwings (Pan)
  7 blink frogs
  A hornet (Depths:4)
  A shadow dragon simulacrum (Crypt:3)
  A sphinx simulacrum (Depths:1)
  A tarantella (Vaults:4)
  A wind drake (Shoals:4)
  7 dream sheep
  30 flying skulls
  6 snapping turtles
  95 slime creatures
  A black mamba zombie (Crypt:1)
  A spriggan (Depths:4)
  4 shadows (Crypt:3)
  8 water elementals
  3 basilisks
  6 wraiths
  A wyvern (Lair:5)
  An ettin skeleton (Vaults:1)
  12 golden eyes
  16 yaks
  3 chaos spawn (Pan)
  A neqoxec (Zig:8)
  A slime creature zombie (Zig:9)
  6 small abominations
  A hog (Lair:5)
  11 large abominations
  A vampire mosquito (D:14)
  A warg (Zig:3)
  45 nagas
  A glowing shapeshifter zombie (Vaults:1)
  A naga skeleton (Crypt:1)
  7 water moccasins
  A floating eye (Depths:2)
  4 orc warriors
  A black bear (Lair:5)
  7 boggarts
  2 wolves
  5 ogres
  A centaur (Zig:7)
  3 starcursed masses (Zig:8)
  A bullfrog (D:10)
  2 necrophages (Crypt:3)
  A wight (D:8)
  5 howler monkeys
  7 orc priests
  3 orc wizards
  2 gnolls (D:12)
  A steam dragon zombie (Crypt:1)
  10 orcs
  An orc zombie (Orc:1)
  A rat zombie (Crypt:2)
  A fire vortex (Depths:2)
  3 starspawn tentacles (Zig:4)
1123 creatures vanquished.

Vanquished Creatures (others)
  A quicksilver dragon (Zig:4)
  2 sphinxes (Depths:2)
  6 acid blobs
  4 tengu reavers
  2 azure jellies
  A rockslime (Slime:4)
  4 fire giants
  7 frost giants
  2 spriggan defenders (Crypt:1)
  2 quicksilver oozes
  A demonspawn corrupter (Pan)
  2 formless jellyfish (Slime:4)
  An ironbound preserver (Vaults:5)
  3 stone giants
  2 demonspawn black suns (Pan)
  4 fire dragons
  2 yaktaur captains
  3 very ugly thing zombies
  8 ettins
  4 great orbs of eyes
  5 ice dragons
  3 ironbound frosthearts
  2 spriggan air magi
  A hydra (Lair:2)
  A jorogumo (Crypt:1)
  A merfolk aquamancer (Shoals:4)
  An anaconda (Snake:4)
  An ogre mage (D:13)
  A centaur warrior (Vaults:5)
  3 tengu warriors
  3 deep troll shamans
  3 deep troll earth magi
  A naga warrior (Snake:4)
  A demonic crawler (Pan)
  2 hell knights
  2 spriggan berserkers
  A storm dragon zombie (Depths:4)
  A shock serpent (Snake:4)
  A sea snake (Shoals:4)
  2 ghost moth zombies (Pan)
  An anaconda zombie (Snake:4)
  2 harpies
  An ironbound convoker (Vaults:3)
  2 necromancers
  2 lindwurms (Vaults:5)
  A frost giant zombie (Depths:4)
  9 ugly thing zombies
  A shining eye (shapeshifter) (Zig:6)
  A fire giant zombie (Vaults:5)
  A centaur zombie (D:13)
  6 vault sentinels
  2 shock serpent zombies
  A cane toad (Lair:5)
  A minotaur zombie (Snake:1)
  A black mamba (Lair:5)
  A red draconian zombie (Depths:4)
  2 death yak zombies
  A spriggan zombie (Depths:2)
  A tengu conjurer (Zig:8)
  A hydra zombie (Lair:5)
  4 sea snake zombies
  A harpy zombie (Shoals:1)
  3 mana viper zombies (Snake:3)
  An ettin zombie (Zig:9)
  An ice dragon zombie (Depths:4)
  3 fire dragon zombies (Depths:2)
  7 black mamba zombies
  7 slime creature zombies
  4 slime creatures
  A wraith (Crypt:3)
  A wind drake zombie (Shoals:1)
  A basilisk (Lair:5)
  A steam dragon (Lair:5)
  A two-headed ogre zombie (D:13)
  10 merfolk zombies
  8 deep troll zombies
  9 human zombies
  2 tengu zombies (Depths:2)
  A faun zombie (Shoals:3)
  A water moccasin (D:13)
  3 cane toad zombies
  An orc warrior (Vaults:1)
  A snapping turtle zombie (Shoals:4)
  3 lindwurm zombies
  4 dream sheep zombies (Shoals:4)
  7 blink frog zombies
  2 manticore zombies
  A rime drake zombie (Lair:5)
  4 salamander zombies
  2 yaktaur zombies
  2 wyvern zombies
  3 wights (D:8)
  4 water moccasin zombies
  16 yak zombies
  A howler monkey (D:13)
  3 wolf zombies (Lair:1)
  3 bullfrog zombies
  2 basilisk zombies
  A black bear zombie (D:10)
  5 boggart zombies
  2 orc wizards (Orc:2)
  A scorpion zombie (D:10)
  26 naga zombies
  An ogre zombie (Orc:2)
  A howler monkey zombie (D:13)
  A steam dragon zombie (Lair:5)
  An orc (D:13)
  A quokka (D:13)
  A ball python (D:13)
  A ball python zombie (D:13)
  10 gnoll zombies
  58 orc zombies
  A quokka zombie (D:13)
  3 starspawn tentacles
378 creatures vanquished.

Grand Total: 2535 creatures vanquished

Notes
Turn   | Place    | Note
-------+----------+-------------------------------------------
     0 | D:1      | iguanaiguana the Formicid Hexslinger began the quest for
                  | the Orb.
     0 | D:1      | Reached XP level 1. HP: 15/15 MP: 2/2
   121 | D:1      | Reached skill level 1 in Stealth
   309 | D:1      | Reached XP level 2. HP: 21/21 MP: 1/3
   931 | D:2      | Noticed Terence
  1060 | D:2      | Reached XP level 3. HP: 26/26 MP: 4/4
  1258 | D:2      | Noticed Sigmund
  1456 | D:2      | Learned a level 1 spell: Sting
  1513 | D:2      | Reached skill level 1 in Poison Magic
  1928 | D:3      | Reached XP level 4. HP: 32/32 MP: 5/5
  2773 | D:3      | Learned a level 2 spell: Poisonous Vapours
  2822 | D:3      | Noticed a scorpion
  2834 | D:3      | Killed a scorpion
  2835 | D:3      | Reached skill level 1 in Air Magic
  2835 | D:3      | Reached XP level 5. HP: 29/37 MP: 2/6
  3097 | D:3      | Got the Monograph on Called Venom
  3212 | D:4      | Noticed a black bear
  3226 | D:3      | Killed a black bear
  3227 | D:3      | Reached skill level 5 in Poison Magic
  3227 | D:3      | Reached XP level 6. HP: 15/43 MP: 3/7
  3606 | D:4      | Found a staircase to the Ecumenical Temple.
  3612 | Temple   | Entered the Ecumenical Temple
  3694 | Temple   | Became a worshipper of Kikubaaqudgha
  3844 | D:4      | Learned a level 4 spell: Olgreb's Toxic Radiance
  3895 | D:4      | Reached XP level 7. HP: 48/48 MP: 7/10
  4116 | D:5      | Entered Level 5 of the Dungeon
  4253 | D:5      | Noticed a water moccasin
  4752 | D:5      | Found a bloodstained altar of Trog.
  4773 | D:5      | Found an iron altar of Okawaru.
  4810 | D:5      | Reached XP level 8. HP: 54/54 MP: 10/13
  5072 | D:5      | Reached skill level 5 in Hexes
  5561 | D:6      | Reached * piety under Kikubaaqudgha
  5561 | D:6      | Received a gift from Kikubaaqudgha
  5613 | D:6      | Reached XP level 9. HP: 13/59 MP: 15/15
  6141 | D:6      | Found a broken altar of Ashenzari.
  6450 | D:7      | Reached skill level 5 in Fighting
  6578 | D:7      | Found Miatixku's Armour Boutique.
  6586 | D:7      | Bought a +2 ring mail of poison resistance for 270 gold
                  | pieces
  6705 | D:7      | Found Sieply's Magic Scroll Shop.
  6719 | D:7      | Bought a scroll of fear for 56 gold pieces
  6806 | D:7      | Found Woacihint's Assorted Antiques.
  6857 | D:7      | Found Xaezuaw's Jewellery Shop.
  6882 | D:7      | Found Jymioph's Antique Weapon Shoppe.
  7045 | D:7      | Reached skill level 5 in Spellcasting
  7341 | D:8      | Found a hazy altar of Hepliaklqana.
  7358 | D:8      | Reached skill level 1 in Evocations
  7366 | D:8      | Reached ** piety under Kikubaaqudgha
  7441 | D:8      | Found a shadowy altar of Dithmenos.
  7888 | D:8      | Found a radiant altar of Vehumet.
  7987 | D:8      | Reached XP level 10. HP: 50/76 MP: 11/18
  8008 | D:8      | Reached skill level 1 in Armour
  8399 | D:8      | Reached skill level 1 in Necromancy
  8405 | D:8      | Reached skill level 2 in Necromancy
  8408 | D:8      | Reached skill level 3 in Necromancy
  8429 | D:8      | Learned a level 4 spell: Animate Dead
  8536 | D:8      | Reached skill level 4 in Necromancy
  9123 | D:2      | Killed Sigmund
  9124 | D:2      | Reached skill level 5 in Necromancy
  9191 | D:2      | Killed Terence
  9882 | D:9      | You fall into a shaft and drop 3 floors!
  9900 | D:12     | Learned a level 2 spell: Sublimation of Blood
  9986 | D:11     | Reached skill level 6 in Necromancy
  9988 | D:11     | Reached XP level 11. HP: 62/81 MP: 1/20
  9989 | D:11     | Reached skill level 7 in Necromancy
 10050 | D:11     | Found a staircase to the Orcish Mines.
 10053 | D:11     | Noticed an orc knight
 10064 | D:11     | Killed an orc knight
 10065 | D:11     | Reached skill level 8 in Necromancy
 10354 | D:11     | Reached skill level 9 in Necromancy
 10371 | D:11     | Reached *** piety under Kikubaaqudgha
 10371 | D:11     | Received a gift from Kikubaaqudgha
 10576 | D:10     | Entered Level 10 of the Dungeon
 10783 | D:10     | Reached skill level 1 in Earth Magic
 10811 | D:10     | Found a staircase to the Lair.
 11324 | D:10     | Reached skill level 5 in Earth Magic
 11486 | D:10     | Found a glowing golden altar of the Shining One.
 11742 | D:9      | Noticed Maurice
 11762 | D:9      | Killed Maurice
 11885 | D:9      | Found a basalt altar of Yredelemnul.
 12166 | D:9      | Learned a level 5 spell: Borgnjor's Vile Clutch
 12219 | Lair:1   | Entered Level 1 of the Lair of Beasts
 12238 | Lair:1   | Found a dark tunnel.
 12247 | Volcano  | Entered a volcano
 12263 | Volcano  | Noticed a salamander mystic
 12275 | Volcano  | Killed a salamander mystic
 12276 | Volcano  | Reached XP level 12. HP: 83/88 MP: 7/21
 12281 | Volcano  | Found a bloodstained altar of Trog.
 12392 | Volcano  | Noticed a hell knight
 12479 | Volcano  | Killed a hell knight
 12480 | Volcano  | Reached skill level 10 in Earth Magic
 12691 | Lair:1   | Upgraded the game from 0.30-a0-1124-g6e8f0f562f to
                  | 0.31-a0-45-g5f0c076935
 12780 | D:7      | Bought 3 scrolls labelled WANNEA TOXTEFUN for 87 gold
                  | pieces
 12780 | D:7      | Bought a copper wand for 116 gold pieces
 12887 | Lair:1   | Reached **** piety under Kikubaaqudgha
 12961 | Lair:1   | Noticed a catoblepas
 12968 | Lair:1   | Killed a catoblepas
 13174 | Lair:1   | Noticed a death yak
 13240 | Lair:1   | Noticed a death yak
 13243 | Lair:1   | Noticed a death yak
 13250 | Lair:1   | Killed a death yak
 13250 | Lair:1   | Killed a death yak
 13256 | Lair:1   | Killed a death yak
 13488 | Lair:1   | Reached skill level 10 in Necromancy
 13864 | Lair:1   | Reached XP level 13. HP: 93/93 MP: 17/25
 14052 | Lair:2   | Identified the +3 falchion of Immorality {holy, Dex+4}
 14056 | Lair:2   | Reached skill level 11 in Necromancy
 14078 | Lair:2   | Found a staircase to the Snake Pit.
 14223 | Lair:2   | Reached skill level 12 in Necromancy
 14266 | Lair:2   | Noticed an eight-headed hydra
 14276 | Lair:2   | Reached skill level 10 in Spellcasting
 14291 | Lair:2   | Learned a level 4 spell: Dispel Undead
 14565 | Lair:2   | Reached ***** piety under Kikubaaqudgha
 14714 | Lair:2   | Noticed a six-headed hydra
 14722 | Lair:2   | Killed a six-headed hydra
 15011 | Lair:2   | Found a staircase to the Shoals.
 15232 | Lair:3   | Reached XP level 14. HP: 62/108 MP: 24/28
 15499 | Lair:3   | Reached skill level 10 in Fighting
 16709 | Lair:4   | Noticed Rupert
 16725 | Lair:5   | Entered Level 5 of the Lair of Beasts
 16725 | Lair:5   | Noticed Josephine
 16749 | Lair:4   | Reached skill level 13 in Necromancy
 16823 | Lair:5   | Killed Josephine
 16928 | Lair:5   | Noticed Kirke
 16939 | Lair:5   | Your ally Josephine died
 16941 | Lair:5   | Killed Kirke
 17244 | Lair:5   | Found a staircase to the Slime Pits.
 17244 | Lair:5   | Found a viscous altar of Jiyva.
 17260 | Lair:5   | Learned a level 6 spell: Simulacrum
 17284 | Lair:5   | Reached skill level 14 in Necromancy
 17408 | Lair:5   | Reached skill level 15 in Necromancy
 17621 | Lair:5   | Reached skill level 1 in Ice Magic
 17945 | Lair:5   | Reached XP level 15. HP: 100/115 MP: 19/29
 18016 | Lair:5   | Identified the staff of death "Giop" {rC+ rN+}
 18104 | Lair:5   | Reached skill level 5 in Ice Magic
 18513 | D:10     | Reached skill level 1 in Throwing
 18832 | D:11     | Noticed themarg's ghost (journeyman DsCA)
 18837 | D:11     | Found a runed translucent gate.
 18980 | D:11     | Found a runed translucent gate.
 18985 | D:11     | Found a runed translucent gate.
 19250 | D:11     | Killed themarg's ghost
 19486 | D:12     | Reached skill level 5 in Throwing
 21020 | D:14     | Reached skill level 5 in Dodging
 21160 | D:14     | Found a sacrificial altar of Ru.
 21201 | D:14     | Found a gate to the Vaults.
 21481 | D:14     | Reached XP level 16. HP: 86/122 MP: 21/30
 22027 | D:15     | Entered Level 15 of the Dungeon
 22036 | D:14     | Reached skill level 1 in Shields
 22250 | D:15     | Reached XP level 17. HP: 129/129 MP: 31/31
 22499 | D:15     | Found Zireewips's General Store.
 22545 | D:15     | Reached ****** piety under Kikubaaqudgha
 22567 | D:15     | Found a staircase to the Depths.
 22650 | D:15     | Found a hide-covered altar of Uskayaw.
 22768 | D:15     | Found an ancient bone altar of Kikubaaqudgha.
 22814 | D:15     | Reached skill level 10 in Ice Magic
 22999 | D:15     | Upgraded the game from 0.31-a0-45-g5f0c076935 to
                  | 0.31-a0-83-gbff143cfd1
 23122 | Orc:1    | Entered Level 1 of the Orcish Mines
 23208 | Orc:2    | Entered Level 2 of the Orcish Mines
 23319 | Orc:1    | Found Lilaunla's Weapon Emporium.
 23402 | Orc:1    | Found a runed translucent door.
 23733 | Orc:2    | Found Ucimn's Antique Weapon Shoppe.
 23733 | Orc:2    | Found Okettout's Jewellery Emporium.
 23735 | Orc:2    | Found Zyocits's Armour Emporium.
 23742 | Orc:2    | Found Jasuufok's Weapon Shoppe.
 23844 | Orc:2    | Found a runed translucent door.
 23845 | Orc:2    | Noticed Smithgift's ghost (journeyman HOFi)
 23846 | Orc:2    | Found a staircase to the Elven Halls.
 23857 | Orc:2    | Killed Smithgift's ghost
 23858 | Orc:2    | Reached skill level 16 in Necromancy
 23878 | Orc:2    | Received a gift from Kikubaaqudgha
 24059 | Orc:2    | Found Buerir's General Store.
 24080 | Orc:2    | Found Jaygoima's Specific Store.
 24084 | Orc:2    | Bought a scroll of butterflies for 56 gold pieces
 24084 | Orc:2    | Identified a scroll of acquirement
 24084 | Orc:2    | Bought a scroll of fear for 56 gold pieces
 24127 | Orc:2    | Bought the amulet of Temptation {rF+ Will++ Regen+} for 870
                  | gold pieces
 24140 | Orc:2    | Acquired the ring "Sibledoa" {Fly rF- rC++ Int+8 Slay-6}
 24823 | Snake:1  | Entered Level 1 of the Snake Pit
 24852 | Shoals:1 | Entered Level 1 of the Shoals
 24927 | Shoals:1 | Upgraded the game from 0.31-a0-83-gbff143cfd1 to
                  | 0.31-a0-115-g4708a659fe
 25150 | Shoals:1 | Reached skill level 17 in Necromancy
 25150 | Shoals:1 | Reached XP level 18. HP: 104/136 MP: 30/32
 25159 | Shoals:1 | Learned a level 8 spell: Infestation
 25965 | Shoals:2 | Reached skill level 5 in Ranged Weapons
 26098 | Shoals:2 | Found Ugubbibba's Jewellery Shoppe.
 26108 | Shoals:2 | Bought the ring "Gikla" {rPois Will+ Int+5} for 732 gold
                  | pieces
 27079 | Shoals:4 | Entered Level 4 of the Shoals
 27337 | Shoals:4 | Got the Secrets of Pyromania
 27465 | Shoals:4 | Reached skill level 10 in Ranged Weapons
 27513 | Shoals:4 | Identified the ring "Osusuenu" {Fly Str+3}
 27572 | Shoals:4 | Got a barnacled rune of Zot
 28129 | Snake:1  | Reached XP level 19. HP: 142/142 MP: 21/33
 28261 | Snake:1  | Noticed Asterion
 28277 | Snake:1  | Killed Asterion
 28332 | Snake:1  | Learned a level 3 spell: Portal Projectile
 28394 | Snake:1  | Identified the +7 arbalest of Change {heavy, Fly rN+++
                  | Str-2 Int+5}
 28553 | Snake:1  | Reached skill level 1 in Translocations
 28638 | Snake:1  | Your ally Asterion died
 29821 | Snake:2  | Identified the +9 great sword of Indomitability {drain,
                  | Will++ Str+3 Dex-3}
 29959 | Snake:2  | Noticed Nikola
 29983 | Snake:2  | Killed Nikola
 30493 | Snake:3  | Learned a level 4 spell: Passage of Golubria
 30976 | Snake:3  | Found a hide-covered altar of Uskayaw.
 31171 | Snake:4  | Entered Level 4 of the Snake Pit
 31200 | Snake:4  | Reached XP level 20. HP: 148/149 MP: 32/37
 31395 | Snake:4  | Reached skill level 15 in Ranged Weapons
 31566 | Snake:4  | Identified the +6 war axe "Udor" {flame, rF+ MP-9 Str+2}
 31609 | Snake:4  | Got a serpentine rune of Zot
 32144 | Lair:2   | Upgraded the game from 0.31-a0-115-g4708a659fe to
                  | 0.31-a0-117-g42d8f58691
 32235 | Slime:1  | Entered Level 1 of the Pits of Slime
 32566 | Vaults:1 | Entered Level 1 of the Vaults
 33117 | Vaults:1 | Reached XP level 21. HP: 146/154 MP: 34/38
 34077 | Vaults:2 | Identified the +1 leather armour "Gyproq" {+Blink rF+}
 34467 | Vaults:2 | Found Juajutat's Weapon Shoppe.
 34590 | Vaults:3 | Learned a level 6 spell: Death Channel
 34681 | Vaults:3 | Noticed Frederick
 34694 | Vaults:3 | Killed Frederick
 34702 | Vaults:3 | Reached skill level 15 in Fighting
 34728 | Vaults:3 | Reached XP level 22. HP: 119/175 MP: 8/39
 34883 | Vaults:3 | Reached skill level 18 in Necromancy
 35077 | Vaults:3 | Found a staircase to the Crypt.
 35083 | Crypt:1  | Entered Level 1 of the Crypt
 35127 | Crypt:1  | Noticed Saint Roka
 35132 | Crypt:1  | Killed Saint Roka
 35228 | Crypt:1  | Reached skill level 19 in Necromancy
 35421 | Crypt:3  | Entered Level 3 of the Crypt
 35531 | Crypt:3  | Found an ancient bone altar of Kikubaaqudgha.
 35537 | Crypt:3  | Reached skill level 20 in Necromancy
 35723 | Crypt:3  | Reached XP level 23. HP: 181/181 MP: 28/40
 35738 | Crypt:3  | Found a staircase to the Tomb.
 35793 | Crypt:3  | Learned a level 1 spell: Apportation
 35818 | Crypt:3  | Reached skill level 21 in Necromancy
 36515 | Vaults:4 | Reached skill level 22 in Necromancy
 36629 | Vaults:4 | Found a gateway to a bazaar.
 36641 | Bazaar   | Entered a bazaar
 36641 | Bazaar   | Found Bierpheh's Weapon Boutique.
 36641 | Bazaar   | Found Bilu Atz's Armour Shop.
 36641 | Bazaar   | Found Qepris's Antique Armour Shop.
 36651 | Bazaar   | Bought the +2 pair of boots of Gravitas {+Blink +Inv Will-
                  | Int+3} for 413 gold pieces
 37061 | Vaults:4 | Found the +4 robe of Folly {Brill Will-∞ Int+8}
 37068 | Vaults:4 | Found a radiant altar of Vehumet.
 37087 | Vaults:4 | Identified the +5 robe of Tender Moments {rElec}
 37088 | Vaults:4 | Identified the +1 robe of Impressiveness {Str+4}
 37256 | Vaults:4 | You are sucked into a shaft and drop 1 floor!
 37256 | Vaults:5 | Entered Level 5 of the Vaults
 37345 | Vaults:5 | Reached skill level 15 in Spellcasting
 37420 | Vaults:5 | Identified the staff of earth "Emael" {rPois Will- Dex-4
                  | SInv}
 37420 | Vaults:5 | Identified the +1 robe of Summer {rElec rPois MP-9}
 37451 | Vaults:5 | Got the Annotations on Guile and Refrigeration
 37471 | Vaults:5 | Upgraded the game from 0.31-a0-117-g42d8f58691 to
                  | 0.31-a0-128-g25add195a6
 37493 | Vaults:5 | Reached XP level 24. HP: 180/189 MP: 5/42
 37539 | Vaults:5 | Noticed an ancient lich
 37548 | Vaults:5 | Killed an ancient lich
 37606 | Vaults:5 | Noticed a dread lich
 37622 | Vaults:5 | Killed a dread lich
 37781 | Vaults:5 | Reached skill level 5 in Stealth
 37784 | Vaults:5 | Noticed a dread lich
 37789 | Vaults:5 | Killed a dread lich
 37847 | Vaults:5 | Reached skill level 10 in Stealth
 38115 | Vaults:5 | Reached skill level 1 in Transmutations
 38124 | Vaults:5 | Got a silver rune of Zot
 38372 | D:15     | Upgraded the game from 0.31-a0-128-g25add195a6 to
                  | 0.31-a0-133-gaae73658be
 38401 | Depths:1 | Entered Level 1 of the Depths
 38604 | Depths:1 | Found a hazy altar of Hepliaklqana.
 38675 | Depths:1 | Reached skill level 5 in Transmutations
 38696 | Depths:1 | Reached XP level 25. HP: 182/204 MP: 32/42
 38741 | Depths:1 | Found Cytuajia's Book Shop.
 38746 | Depths:1 | Found Ysoej's Assorted Antiques.
 38783 | Depths:1 | Learned a level 8 spell: Necromutation
 39417 | Depths:1 | Found a gateway to Hell.
 39718 | Depths:2 | Reached skill level 10 in Transmutations
 39830 | Depths:2 | Identified the +5 chain mail "Oxtezoim" {rC+ Int+2}
 39900 | Depths:2 | Identified the ring of Begob {rElec rF+++ Int-5 Dex+6 SInv}
 39904 | Depths:2 | Identified the ring of Virtue {Will+ Str+5 Int+6 Dex-4
                  | Stlth+}
 40134 | Depths:2 | Identified the +7 mace "Ochoni" {spect, rN+ Will+}
 40143 | Depths:2 | Identified the +5 battleaxe "Zefog" {antimagic, rC- rN+++
                  | Will++}
 40206 | Depths:2 | Found a one-way gateway to a ziggurat.
 40368 | Depths:2 | Found a one-way gate leading to the halls of Pandemonium.
 40465 | Depths:3 | Found a one-way gate to the infinite horrors of the Abyss.
 40943 | Depths:3 | Noticed Grunn
 40955 | Depths:3 | Killed Grunn
 40957 | Depths:3 | Reached skill level 1 in Fire Magic
 41117 | Depths:3 | Reached XP level 26. HP: 191/211 MP: 35/44
 41171 | Depths:3 | Reached skill level 5 in Fire Magic
 41614 | Depths:4 | Entered Level 4 of the Depths
 41767 | Depths:4 | Found a gate to the Realm of Zot.
 41928 | Depths:4 | Reached skill level 10 in Fire Magic
 42101 | Depths:4 | Found a burning altar of Makhleb.
 42291 | Zig:1    | Entered Level 1 of a ziggurat
 42306 | Zig:2    | Entered Level 2 of a ziggurat
 42382 | Zig:3    | Entered Level 3 of a ziggurat
 42382 | Zig:3    | Noticed a juggernaut
 42391 | Zig:3    | Killed a juggernaut
 42414 | Zig:4    | Entered Level 4 of a ziggurat
 42468 | Zig:5    | Entered Level 5 of a ziggurat
 42530 | Zig:6    | Entered Level 6 of a ziggurat
 42590 | Zig:7    | Entered Level 7 of a ziggurat
 42625 | Zig:7    | Identified the ring of Ygeer {+Blink rPois rF- EV+5}
 42633 | Zig:7    | Identified the +6 hand axe of the Oily God {spect, rF+++
                  | Str+2 Dex-5}
 42644 | Zig:8    | Entered Level 8 of a ziggurat
 42716 | Zig:9    | Entered Level 9 of a ziggurat
 42747 | Zig:9    | Identified the ring "Nurraotz" {+Blink Will- rCorr Str+3
                  | Int+3}
 42757 | Zig:9    | Identified the +7 spear "Somiwix" {freeze, rPois Str+3}
 42771 | Zig:10   | Entered Level 10 of a ziggurat
 42799 | Zig:10   | Reached XP level 27. HP: 122/217 MP: 32/44
 42817 | Zig:10   | Identified the ring "Qoli" {Fire Str+3 Dex+3}
 42821 | Zig:10   | Got the Papyrus of the Familiar Jaunt
 42823 | Zig:10   | Identified the +6 scimitar of the Unstoppable Tusks {flame,
                  | rPois rCorr Str+7}
 42832 | Zig:10   | Identified the +10 plate armour of Waopty {-Tele rElec rF+
                  | Regen+}
 42838 | Zig:10   | Identified the staff of poison "Arphy" {rPois rF++ rC-
                  | Int+4 Stlth+}
 42839 | Zig:10   | Identified the staff of fire "Hurodan" {Drain rElec rF+
                  | Will+}
 43060 | Lair:1   | You are sucked into a shaft and drop 1 floor!
 43063 | Lair:2   | You are sucked into a shaft and drop 1 floor!
 43066 | Lair:3   | You are sucked into a shaft and drop 1 floor!
 43069 | Lair:4   | You are sucked into a shaft and drop 1 floor!
 43100 | Slime:2  | You are sucked into a shaft and drop 1 floor!
 43103 | Slime:3  | You are sucked into a shaft and drop 1 floor!
 43127 | Slime:5  | Entered Level 5 of the Pits of Slime
 43187 | Slime:5  | Noticed the Royal Jelly
 43208 | Slime:5  | Killed the Royal Jelly
 43209 | Slime:5  | Noticed Donald
 43216 | Slime:5  | Killed Donald
 43252 | Slime:5  | Found the +8 whip "Snakebite" {venom, curare, rPois}
 43270 | Slime:5  | Got a slimy rune of Zot
 43289 | Slime:5  | Got Sif Muna's Octavo of Atmospheric Rallying
 43310 | Slime:5  | Identified the +10 hand axe of Conformity {venom, Will+}
 43340 | Slime:5  | Reached skill level 15 in Fire Magic
 43348 | Slime:5  | Identified the staff of death "Sonis" {Contam Drain +Blink
                  | rF+++ rN+}
 43546 | Slime:4  | Noticed Dissolution
 43560 | Slime:4  | Killed Dissolution
 43630 | Slime:4  | Learned a level 8 spell: Ignition
 43828 | D:10     | You are sucked into a shaft and drop 2 floors!
 43831 | D:12     | You are sucked into a shaft and drop 1 floor!
 43834 | D:13     | You are sucked into a shaft and drop 2 floors!
 43875 | D:15     | Bought 2 potions of heal wounds for 160 gold pieces
 43875 | D:15     | Bought a potion of brilliance for 64 gold pieces
 43904 | Depths:1 | You are sucked into a shaft and drop 1 floor!
 43949 | Pan      | Entered Pandemonium
 44368 | Pan      | Identified the amulet "Acrin" {Contam Regen+ Dex+6}
 44754 | Pan      | Noticed Mennas
 44762 | Pan      | Killed Mennas
 44763 | Pan      | Reached skill level 10 in Shields
 44884 | Pan      | Noticed Itiarring the pandemonium lord
 45028 | Pan      | HP: 9/201 [poisoned by Itiarring]
 45029 | Pan      | Slain by Itiarring the pandemonium lord

Illustrated notes

Levels and vault maps discovered:
D:1:      heliophobic_arrival_ceremonial_halls, layout_loops_ring
D:2:      layout_basic, serial_bayou_lake_a, uniq_terence, uniq_sigmund
D:3:      minmay_wonky_spiral, layout_basic
D:4:      layout_cave_pools, minmay_temple_entry_gardened_gates,
          chequers_hall_statues_y, kennysheep_generic_room_11
D:5:      layout_gridville, kennysheep_mini_moat, lightli_temple_of_fire,
          st_stairs_13, minmay_splitting_lines
D:6:      layout_rooms, mainiacjoe_overflow_chevrons
D:7:      layout_basic, serial_shops, nicolae_shop_just_a_little_nook, shop,
          shop, nicolae_shop_hallway_stairs, shop
D:8:      layout_basic, riverfiend_overflow_shadow_ancestor,
          mainiacjoe_overflow_catwalk
D:9:      layout_rooms, mainiacjoe_overflow_alcove_4, kennysheep_generic_room_5,
          uniq_maurice
D:10:     layout_loops_ring, tso_metal_star, due_lair_maze_entry_diamond
D:11:     layout_basic, orc_david_3, ebering_ghost_rock_garden
D:12:     layout_roguey, minmay_starry_boxes
D:13:     layout_basic, kennysheep_generic_room_9
D:14:     layout_loops_ring, lightli_vaults_fourway_checkpoint,
          minmay_misc_feat_roman, nicolae_ru_path_of_blood
D:15:     grunt_enter_depths_magical_seal, layout_small_grid, serial_shops,
          nicolae_shop_tiny_real_fake_doors,
          nicolae_kikubaaqudgha_miasma_corner, dancing_weapons_uskayaw
Temple:   zaba_magenta_temple
Lair:1:   layout_loops_ring, enter_volcano_1
Lair:2:   layout_gridlike, elwin_shoals_entry_stream,
          minmay_snake_entry_guardpost_small
Lair:3:   layout_loops_ring, grunt_megastairs_2
Lair:4:   layout_regular_city, nicolae_lair_grove_arrangements, uniq_rupert
Lair:5:   grunt_lair_end_beastmaster, layout_loops_ring, slime_entry_1,
          uniq_josephine, uniq_kirke
Shoals:1: layout_shoals
Shoals:2: layout_shoals, serial_shops, shop
Shoals:3: layout_shoals
Shoals:4: shoals_end_simple, layout_shoals
Snake:1:  layout_layer_cave, st_stairs_3, nrook_guardian_serpent_double,
          uniq_asterion
Snake:2:  layout_onion, uniq_nikola
Snake:3:  cheibrodos_snake_ritualist_ritual, layout_layer_cave, basic_altar
Snake:4:  minmay_snake_end_coiled, layout_misc_corridors, lemuel_fruit_tree
Slime:1:  layout_caves
Slime:2:  layout_caves, nicolae_slime_getting_an_eyeful
Slime:3:  layout_caves
Slime:4:  layout_caves, dissolution_awaits
Slime:5:  uniq_donald
Orc:1:    layout_diamond_mine, serial_shops, shop, lightli_church_of_beogh
Orc:2:    st_orc_mages, layout_caves, basic_altar, ebering_ghost_inner_flame,
          nicolae_specific_store, minmay_orc_barracks
Vaults:1: v_misc_3, nicolae_vaults_arrows, vaults_room_grid,
          hangedman_vaults_locks, nicolae_vaults_circle_grid_a,
          layout_vaults_quadrants
Vaults:2: ontoclasm_vaults_gateway, nicolae_vaults_disjoint_gnomons,
          nicolae_vaults_network_quinsquares
          [nicolae_vaults_network_quincunx_subvault,
          nicolae_vaults_network_quincunx_subvault,
          nicolae_vaults_network_quincunx_subvault,
          nicolae_vaults_network_quincunx_subvault], nicolae_vaults_turnstiles,
          v_rooms_3, nicolae_vaults_shrinking_rooms_2, nicolae_vaults_cochlea,
          nicolae_vaults_two_Ls, v_misc_18, v_alt_pattern_4, serial_ice_m,
          layout_vaults_omnibox, serial_shops, nicolae_shop_crystal
Vaults:3: hangedman_vaults_pinch, v_pattern_4, vaults_mumra_minichess,
          minmay_crypt_entry_simple_walls, ontoclasm_vaults_eye, v_rooms_1,
          nicolae_vaults_storage_closets_1, vaults_dpeg_spiral,
          nicolae_vaults_tetromino_L_1, nicolae_vaults_cochlea,
          nicolae_vaults_cochlea, ontoclasm_vaults_loading_screen,
          vaults_dpeg_emergency_exit, nicolae_vaults_murder_corner,
          layout_vaults_omnicross, uniq_frederick
Vaults:4: grunt_tower_of_power, nicolae_vaults_trapezoid_2,
          vaults_room_fancy_cross, nicolae_vaults_trapezoid_lopsided_3,
          v_misc_4, v_misc_23, v_misc_12, nicolae_vaults_sightless_eye,
          nicolae_vaults_two_Ls, hangedman_vaults_cutoff,
          nicolae_vaults_border_crossing, nicolae_vaults_trapezoid_lopsided_1,
          dpeg_vaults_monster_box, vaults_room_pools,
          nicolae_vaults_double_plus_1, nicolae_vaults_octothorpe,
          layout_vaults_ring, serial_shops, statue_bzr
Vaults:5
Crypt:1:  layout_chaotic_city, grunt_ministairs_2, grunt_megastairs_1,
          uniq_josephina, uniq_saint_roka
Crypt:2:  layout_misc_corridors
Crypt:3:  grunt_crypt_end_deaths_head
Depths:1: layout_basic, nicolae_hepliaklqana_hazy_memory,
          grunt_hell_entry_dis_mu, corexii_leaking_fountain,
          chequers_serial_rivers_large_b, chequers_serial_rivers_micro_d,
          hellmonk_scarab_ruin, serial_bayou_shore_b, firewood_loft,
          minmay_shop_star
Depths:2: minmay_the_grid_4x2 [minmay_the_grid_tri_star,
          minmay_the_grid_zigzag_pyramid, minmay_the_grid_paths,
          minmay_the_grid_mess, minmay_the_grid_garden,
          minmay_the_grid_minigrid_small, minmay_the_grid_broken_lines,
          minmay_the_grid_prize_four_corners_diamond_a], layout_small_grid,
          enter_ziggurat_c, hellmouth_1, nicolae_gozag_seed_capital,
          grunt_pan_entry_in_and_out, infiniplex_staircase_pool_2
Depths:3: wad_statue_garden, layout_basic, hangedman_coc_ice_floe,
          chequers_serial_rivers_micro_d, abyss_entry, uniq_grunn
Depths:4: grunt_zot_entry_funnels, layout_cave_shapes, hell_entry,
          minmay_room_of_horrors, hangedman_decor_peaks_small,
          makhleb_altar_promises_db
Pan:      lemuel_hall_of_pain, layout_basic, evilmike_mini_pan_diamond,
          layout_gridlike, evilmike_mini_pan_corner, layout_pan_divisions_a
          [pan_division_quadrant_a1, pan_division_quadrant_a6,
          pan_division_quadrant_a2, pan_division_quadrant_a2,
          pan_division_octagon_box], nicolae_pan_lom_lobonic_4,
          gammafunk_its_a_trap, layout_basic, nicolae_pan_door_chamber,
          layout_pan_divisions_b [pan_division_quadrant_b3,
          pan_division_quadrant_b4, pan_division_quadrant_b6,
          pan_division_quadrant_b3], pan_blood_fountain_small,
          nicolae_pan_gloorx_vloqian_2, regret_index_pan_draining_boxed,
          layout_onion_city, pan_blood_fountain_small, uniq_mennas_pan

Skill      XL: |  1  2  3  4  5  6  7  8  9 10 11 12 13 14 15 16 17 18 19 20 21 22 23 24 25 26 27 |
---------------+----------------------------------------------------------------------------------+-----
Stealth        | 2 3 4 12 | 12.0
Poison Magic   | 1 4 5 6 8 9 |  9.0
Air Magic      | 1 2 |  2.0
Spellcasting   | 2 3 4 5 6 8 10 13 15 17 | 17.5
Hexes          | 6 |  6.2
Short Blades   | 4 |  4.0
Fighting       | 6 9 10 15 18 | 18.0
Evocations     | 4 |  4.0
Armour         | 4 |  4.0
Necromancy     | 6 9 10 12 15 17 20 22 | 22.0
Dodging        | 3 7 8 |  8.0
Earth Magic    | 8 11 | 11.0
Ice Magic      | 4 8 10 | 10.0
Throwing       | 6 |  6.0
Shields        | 8 12 | 12.4
Ranged Weapons | 11 13 17 18 | 18.0
Translocations | 4 |  4.1
Transmutations | 6 12 | 12.0
Fire Magic     | 4 13 17 | 17.7

Action                     |  1- 3 |  4- 6 |  7- 9 | 10-12 | 13-15 | 16-18 | 19-21 | 22-24 | 25-27 || total
---------------------------+-------+-------+-------+-------+-------+-------+-------+-------+-------++-------
  Melee: Dagger            |    21 |    47 |   139 |    48 |       |       |       |       |       ||   255
         Unarmed           |     1 |       |       |    17 |       |       |       |       |       ||    18
         Quarterstaff      |       |       |     8 |       |       |       |       |       |       ||     8
         Scimitar          |       |       |       |    39 |       |       |       |       |       ||    39
         Whip              |       |       |       |   107 |   137 |    13 |       |       |       ||   257
         Staff             |       |       |       |       |    11 |    25 |       |       |       ||    36
         Punch             |       |       |       |       |     1 |       |       |       |       ||     1
   Fire: Sling             |    70 |    22 |    17 |    10 |       |       |       |       |       ||   119
         Triple crossbow   |       |       |       |       |       |     5 |     7 |       |       ||    12
         Arbalest          |       |       |       |       |       |       |   307 |   332 |   401 ||  1040
  Throw: Throwing net      |       |       |       |     3 |       |       |       |       |     1 ||     4
         Dart              |       |       |       |     1 |       |       |       |       |       ||     1
         Boomerang         |       |       |       |       |     6 |       |       |       |       ||     6
   Cast: Slow              |    26 |    29 |    35 |    23 |       |       |       |       |       ||   113
         Sting             |       |    37 |     6 |       |       |       |       |       |       ||    43
         Poisonous Vapours |       |    42 |    77 |     6 |       |       |       |       |       ||   125
         Olgreb's Toxic Ra |       |       |    19 |    70 |    49 |    68 |       |       |       ||   206
         Animate Dead      |       |       |       |    13 |    15 |    16 |    13 |    11 |    18 ||    86
         Borgnjor's Vile C |       |       |       |    19 |   136 |   163 |   117 |   117 |   165 ||   717
         Sublimation of Bl |       |       |       |       |    42 |   188 |   182 |   195 |   320 ||   927
         Dispel Undead     |       |       |       |       |    15 |     3 |       |       |       ||    18
         Simulacrum        |       |       |       |       |    27 |   114 |   126 |    81 |   131 ||   479
         Portal Projectile |       |       |       |       |       |       |    72 |    50 |    56 ||   178
         Infestation       |       |       |       |       |       |       |    31 |    62 |    53 ||   146
         Death Channel     |       |       |       |       |       |       |     3 |    32 |    49 ||    84
         Passage of Golubr |       |       |       |       |       |       |       |    31 |    73 ||   104
         Apportation       |       |       |       |       |       |       |       |    22 |     1 ||    23
         Necromutation     |       |       |       |       |       |       |       |       |    26 ||    26
         Ignition          |       |       |       |       |       |       |       |       |    10 ||    10
 Invoke: Unearth Wretches  |       |       |       |     1 |     5 |     3 |     3 |     6 |    23 ||    41
         Receive Forbidden |       |       |       |       |       |     1 |       |       |       ||     1
Ability: Dig               |       |       |       |       |     1 |       |       |       |     7 ||     8
         End Transformatio |       |       |       |       |       |       |       |       |    24 ||    24
         Shaft Self        |       |       |       |       |       |       |       |       |    10 ||    10
  Evoke: Wand              |       |       |    26 |    22 |     4 |       |       |       |     3 ||    55
         Condenser vane    |       |       |       |       |     1 |       |       |     1 |     1 ||     3
    Use: Scroll            |     2 |     6 |     2 |    12 |    10 |     6 |     4 |     3 |     4 ||    49
         Potion            |     1 |     4 |     1 |     3 |     1 |     1 |     2 |     1 |    23 ||    37
   Stab: Sleeping          |       |     2 |       |     1 |     1 |       |       |       |       ||     4
         Distracted        |       |       |       |       |     1 |       |       |       |       ||     1
         Paralysed         |       |       |       |       |     1 |       |       |       |       ||     1
 Armour: Robe              |    11 |    12 |     9 |     2 |    31 |       |       |       |       ||    65
         Skin              |     1 |    26 |       |    24 |       |       |       |       |       ||    51
         Ring mail         |       |       |     7 |    82 |       |       |       |       |       ||    89
         Troll leather arm |       |       |       |       |    57 |    72 |    74 |    66 |   123 ||   392
  Dodge: Dodged            |    34 |    49 |    68 |   132 |   142 |   114 |   128 |   106 |   173 ||   946
  Block: Buckler           |       |       |       |       |       |    35 |    52 |       |       ||    87
         Kite shield       |       |       |       |       |       |       |       |   162 |   247 ||   409

Table legend: (Time is in decaauts)
 A = Elapsed time spent in this place.
 B = Non-inter-level travel time spent in this place.
 C = Inter-level travel time spent in this place.
 D = Time resting spent in this place.
 E = Time spent auto-exploring this place.
 F = Levels seen in this place.
 G = Mean time per level.
                   A        B        C        D        E       F      G
               +--------+--------+--------+--------+--------+-----+--------+
         Total |  50090 |  46574 |   3516 |   2688 |  23176 |  66 |  758.9 |
       Dungeon |  18326 |  16737 |   1589 |   1639 |  10604 |  15 | 1221.7 |
        Temple |     86 |     86 |      0 |      0 |     50 |   1 |   86.0 |
          Lair |   6498 |   5962 |    536 |    796 |   3592 |   5 | 1299.6 |
        Shoals |   4049 |   3845 |    204 |     33 |   2113 |   4 | 1012.2 |
     Snake Pit |   5788 |   5374 |    414 |     44 |   3319 |   4 | 1447.0 |
    Slime Pits |    802 |    765 |     37 |     11 |      0 |   5 |  160.4 |
  Orcish Mines |   1831 |   1744 |     87 |      0 |    918 |   2 |  915.5 |
        Vaults |   5000 |   4761 |    239 |      0 |   1044 |   5 | 1000.0 |
         Crypt |   1051 |    943 |    108 |      0 |      0 |   3 |  350.3 |
        Depths |   4452 |   4154 |    298 |     32 |   1470 |   4 | 1113.0 |
   Pandemonium |   1144 |   1144 |      0 |      0 |      0 |   6 |  190.7 |
      Ziggurat |    595 |    595 |      0 |      0 |      0 |  10 |   59.5 |
        Bazaar |     23 |     23 |      0 |      0 |      0 |   1 |   23.0 |
       Volcano |    438 |    438 |      0 |    133 |     64 |   1 |  438.0 |
               +--------+--------+--------+--------+--------+-----+--------+

Top non-repeatable levels by time:
 Snake:1: 2240 daAuts
     D:8: 1865 daAuts
    D:11: 1695 daAuts
  Lair:5: 1684 daAuts
Vaults:1: 1579 daAuts
Depths:1: 1545 daAuts
    D:10: 1509 daAuts
     D:3: 1499 daAuts
    D:14: 1460 daAuts
  Lair:2: 1429 daAuts
 Snake:3: 1405 daAuts
     D:5: 1402 daAuts
 Snake:4: 1376 daAuts
  Lair:1: 1370 daAuts
     D:2: 1321 daAuts
